Map: King's Cove LE

Players

Special - Winner!

  • Race: Terran Terran
  • League: Master
  • Spawn Location: 11:00

ShoWTimE

  • Race: Protoss Protoss
  • Spawn Location: 5:00

Event: 2019 WCS Spring

VOD

Have the link to the VOD?

Description

Time

  • Played on: May 19, 2019, 7:34 a.m.
  • Length: 19:04

All games in this series

Show
View Real Time Build Order
Export as new Build Order

Special Terran - Winner!

Build Orders: Mech 

Get SALT Encoding   

  12  0:00  SCV  
  13  0:13  SCV  
  14  0:18  Supply Depot  
  14  0:25  SCV  
  15  0:39  SCV  
  15  0:41  Barracks  
  16  0:47  Refinery  
  16  0:51  SCV  
  16  0:56  Refinery  
  17  1:04  SCV  
  18  1:16  SCV  
  19  1:29  Reaper  
  19  1:30  Orbital Command  
  20  1:40  Supply Depot  
  20  1:46  Factory  
  20  1:55  SCV  
  21  2:01  Reaper  
  21  2:08  SCV  
  23  2:20  Command Center  
  23  2:23  SCV  
  23  2:29  Hellion  
  26  2:35  SCV  
  27  2:39  Starport  
  27  2:48  SCV  
  27  2:51  Supply Depot  
  28  2:53  Barracks Reactor  
  28  3:00  SCV  
  28  3:03  Factory Tech Lab  
  29  3:12  SCV  
  29  3:23  Cyclone  
  29  3:24  SCV  
  29  3:25  Starport Tech Lab  
  32  3:29  Marine x2  
  32  3:32  Orbital Command  
  34  3:36  SCV  
  35  3:46  Banshee  
  35  3:47  Marine x2  
  40  3:49  SCV  
  41  3:58  SCV  
  41  4:01  SCV  
  43  4:09  Command Center  
  43  4:13  SCV  
  43  4:14  SCV  
  43  4:17  Marine x2  
  45  4:22  Supply Depot  
  47  4:25  SCV  
  47  4:27  SCV  
  52  4:35  Marine x2  
  52  4:38  Raven  
  53  4:39  SCV  
  53  4:43  Refinery  
  53  4:44  SCV, Refinery  
  53  4:45  Siege Tank  
  58  4:48  Supply Depot  
  58  4:51  SCV  
  59  4:53  Marine x2  
  59  4:56  SCV  
  62  5:10  SCV x2, Supply Depot  
  66  5:17  Siege Tank  
  67  5:21  Orbital Command  
  67  5:22  SCV x2  
  67  5:24  Factory x2  
  69  5:34  SCV x2  
  71  5:44  Supply Depot  
  71  5:45  Barracks Tech Lab  
  71  5:46  SCV x2  
  71  5:49  SCV, Siege Tank  
  77  5:58  SCV x2  
  77  5:59  Supply Depot  
  77  6:00  Orbital Command, Supply Depot  
  79  6:09  Hellion x2, Factory  
  79  6:10  SCV x2  
  85  6:14  Factory  
  85  6:19  Siege Tank  
  85  6:21  Siege Tank  
  85  6:22  SCV x2  
  93  6:28  SCV  
  94  6:34  SCV x2, Hellion x2  
  94  6:36  Mag-Field Accelerator  
  97  6:40  SCV  
  97  6:45  Infernal Pre-Igniter  
  97  6:46  SCV x2, Supply Depot  
  100  6:48  Supply Depot  
  100  6:51  Cyclone  
  100  6:52  SCV  
  100  6:53  Cyclone  
  107  6:55  Hellion  
  107  6:56  Hellion  
  107  6:58  SCV  
  107  6:59  Refinery  
  107  7:00  SCV  
  113  7:01  Refinery  
  113  7:04  SCV  
  114  7:10  Supply Depot  
  114  7:12  Supply Depot  
  114  7:13  Factory Reactor, Factory Tech Lab  
  112  7:17  SCV x2, Hellion x2, Supply Depot  
  112  7:20  SCV  
  119  7:29  SCV x2, Hellion  
  123  7:30  Cyclone  
  123  7:32  Cyclone  
  123  7:33  SCV  
  123  7:34  Supply Depot  
  123  7:35  Supply Depot  
  130  7:41  SCV  
  130  7:42  Armory, SCV  
  130  7:43  Armory  
  132  7:47  SCV  
  132  7:50  Cyclone, Supply Depot  
  136  7:54  Hellion  
  136  7:55  Hellion x3  
  144  8:02  Cyclone, Engineering Bay  
  146  8:17  Widow Mine  
  146  8:18  Widow Mine x3  
  154  8:24  Command Center  
  154  8:26  Cyclone x2  
  160  8:34  Cyclone  
  160  8:35  Terran Vehicle And Ship Armor Level 1, Terran Vehicle Weapons Level 1  
  160  8:36  Drilling Claws  
  161  8:42  Missile Turret  
  161  8:43  Widow Mine x2  
  161  8:44  Widow Mine  
  153  8:58  Cyclone x2  
  159  9:07  Hellion x4  
  167  9:11  Factory  
  167  9:13  Factory  
  167  9:14  Missile Turret, Factory  
  167  9:15  Cyclone  
  170  9:21  Missile Turret  
  170  9:30  Cyclone  
  170  9:31  Hellion, Widow Mine x3  
  177  9:33  Cyclone  
  174  9:47  Cyclone, Refinery  
  174  9:52  Hellion x3  
  178  9:59  Refinery  
  178  10:00  SCV  
  178  10:01  Planetary Fortress  
  178  10:02  Cyclone  
  178  10:05  Cyclone  
  185  10:13  Hellion, Factory Tech Lab  
  189  10:14  Factory Tech Lab  
  189  10:15  Command Center  
  189  10:19  Cyclone  
  189  10:20  Missile Turret  
  188  10:22  Missile Turret  
  190  10:28  Hellion x2  
  190  10:33  Factory Reactor  
  190  10:34  Cyclone  
  189  10:37  Cyclone  
  189  10:38  Hellion  
  183  10:44  Cyclone x2  
  183  10:45  Hellion  
  195  10:50  Hellion x2  
  195  10:52  Cyclone  
  195  10:58  Terran Vehicle Weapons Level 2  
  195  10:59  Terran Vehicle And Ship Armor Level 2  
  195  11:01  Raven  
  195  11:12  Hellion x2  
  195  11:25  Siege Tank  
  196  11:36  Hellion  
  196  11:49  Supply Depot  
  196  11:50  Raven  
  196  11:55  Hellion  
  196  11:57  Hellion x2  
  196  11:58  Hellion x2  
  196  11:59  Cyclone, Siege Tank  
  195  12:11  Cyclone x2  
  178  12:16  Siege Tank  
  181  12:28  Command Center x2  
  181  12:31  Siege Tank x2  
  187  12:38  Starport  
  187  12:40  Starport  
  187  12:42  Fusion Core  
  187  12:43  Starport Reactor, Siege Tank  
  185  12:44  Hellion x2  
  143  12:51  Hellion x3, Siege Tank  
  143  12:52  Cyclone  
  151  13:03  Cyclone  
  151  13:04  Widow Mine  
  158  13:05  Hellion x2  
  157  13:13  Hellion x2  
  156  13:22  Liberator  
  156  13:26  Terran Vehicle Weapons Level 3, Terran Vehicle And Ship Armor Level 3  
  156  13:27  Widow Mine x2  
  156  13:29  Siege Tank x2  
  156  13:36  Hellion x2  
  156  13:37  Liberator  
  156  13:38  Liberator  
  144  13:42  Siege Tank  
  144  13:48  Orbital Command  
  151  13:59  Hellion  
  151  14:00  Hellion  
  155  14:03  Siege Tank  
  155  14:07  Planetary Fortress  
  158  14:11  Liberator  
  152  14:25  Siege Tank x2  
  152  14:27  Hellion  
  152  14:28  Liberator  
  163  14:34  Advanced Ballistics  
  159  14:39  SCV x4  
  164  14:47  Hellion  
  164  14:49  Cyclone  
  169  14:53  Liberator  
  169  14:59  Siege Tank x2  
  171  15:01  Hellion  
  171  15:03  Hellion  
  174  15:18  Hellion, Siege Tank x2  
  174  15:19  Sensor Tower  
  182  15:25  Siege Tank  
  182  15:27  Hellion  
  182  15:28  Hellion  
  187  15:30  Orbital Command  
  187  15:33  Siege Tank x2  
  193  15:40  SCV x3  
  196  15:48  Hellion x2  
  200  16:10  Refinery  
  200  16:13  Terran Ship Weapons Level 1, Refinery x2  
  200  16:20  Command Center  
  185  16:48  Hellion x2  
  185  16:49  Liberator  
  185  16:50  Siege Tank, Liberator  
  185  16:53  Hellion  
  187  16:55  Hellion  
  180  17:11  Hellion x2  
  180  17:18  Hellion x2  
  180  17:20  Hellion, Siege Tank  
  180  17:21  Liberator x2  
  188  17:23  Command Center  
  188  17:24  Hellion x2, Siege Tank  
  188  17:25  Command Center  
  190  17:32  Hellion x2, Liberator x2  
  190  17:35  Hellion x2  
  194  17:41  SCV x2  
  189  17:45  Siege Tank  
  192  17:55  Hellion x3  
  198  18:01  Hellion  
  199  18:07  Command Center  
  199  18:08  Orbital Command  
  196  18:19  Siege Tank x2  
  199  18:23  Starport Reactor  
  199  18:34  Hellion x2  
  180  18:39  Hellion x3  
  180  18:40  Hellion  
  164  18:46  SCV  
  164  18:47  SCV x2  
Show
View Real Time Build Order
Export as new Build Order

ShoWTimE Protoss 

Build Orders: 1 Gate Expand, Zealot Archon 

Get SALT Encoding   

  12  0:00  Probe  
  13  0:12  Probe  
  14  0:17  Pylon  
  14  0:24  Probe  
  15  0:32  Probe  
  15  0:37  Gateway  
  15  0:40  Probe  
  16  0:47  Assimilator  
  17  0:51  Probe  
  18  1:03  Probe  
  19  1:15  Probe  
  20  1:24  Cybernetics Core  
  20  1:35  Nexus  
  20  1:42  Pylon  
  20  1:51  Probe  
  20  1:52  Adept  
  23  1:56  Assimilator  
  23  2:03  Probe  
  23  2:05  Warp Gate  
  24  2:15  Stalker, Probe  
  25  2:28  Probe  
  28  2:36  Robotics Facility  
  28  2:40  Probe  
  29  2:44  Probe  
  29  2:45  Stalker  
  32  2:52  Probe x2  
  33  3:01  Probe  
  33  3:04  Probe  
  35  3:10  Probe  
  35  3:15  Stalker  
  35  3:16  Probe  
  38  3:24  Probe  
  39  3:28  Observer  
  39  3:29  Probe  
  39  3:30  Gateway  
  40  3:36  Probe  
  40  3:39  Gateway  
  41  3:41  Probe  
  41  3:46  Probe, Pylon  
  42  3:53  Observer, Probe  
  42  3:54  Probe  
  46  4:03  Probe  
  46  4:05  Pylon  
  46  4:06  Probe  
  46  4:07  Sentry  
  50  4:14  Observer  
  50  4:15  Probe  
  50  4:16  Assimilator  
  52  4:17  Assimilator  
  52  4:18  Probe  
  53  4:24  Forge  
  53  4:27  Probe  
  53  4:30  Twilight Council, Probe  
  55  4:36  Observer  
  56  4:39  Probe  
  56  4:42  Probe  
  58  4:46  Stalker  
  58  4:51  Probe  
  58  4:52  Protoss Ground Weapons Level 1  
  61  4:53  Pylon  
  61  4:59  Shield Battery  
  61  5:10  Charge  
  61  5:11  Immortal  
  61  5:13  Probe  
  66  5:17  Nexus  
  66  5:18  Probe  
  67  5:24  Pylon  
  67  5:26  Probe  
  68  5:30  Probe  
  69  5:38  Templar Archives  
  69  5:39  Gateway  
  69  5:43  Gateway  
  69  5:50  Gateway  
  69  5:53  Warp Prism  
  69  5:55  Gateway  
  69  5:59  Gateway  
  71  6:06  Probe  
  71  6:08  Probe  
  72  6:18  Probe  
  73  6:19  High Templar x2  
  73  6:20  Probe  
  73  6:21  Shield Battery  
  73  6:23  Archon  
  73  6:25  Photon Cannon  
  78  6:30  Probe  
  78  6:32  Probe  
  78  6:34  Probe  
  79  6:40  High Templar x2  
  79  6:41  Protoss Ground Armor Level 1  
  79  6:42  Probe, Pylon  
  79  6:44  Probe, Archon  
  79  6:46  Probe  
  86  6:49  Zealot x2  
  86  6:50  Zealot, Blink  
  92  6:54  Probe  
  92  6:56  Pylon  
  92  7:00  Probe x2  
  95  7:04  High Templar x2  
  95  7:07  Pylon  
  95  7:08  Archon  
  99  7:11  Zealot  
  99  7:14  Probe x3  
  104  7:22  Pylon  
  104  7:31  Zealot x5  
  104  7:34  Pylon  
  104  7:35  Zealot  
  104  7:36  Pylon  
  116  7:38  Assimilator  
  116  7:42  Assimilator, Probe x3  
  119  7:47  High Templar x2  
  119  7:49  Pylon  
  123  7:51  Archon  
  123  7:53  Immortal  
  127  7:59  Pylon  
  127  8:05  Zealot x5  
  137  8:18  Probe  
  137  8:19  Probe  
  139  8:27  Immortal  
  139  8:29  Nexus  
  139  8:32  Pylon  
  137  8:38  Robotics Bay  
  137  8:39  Robotics Facility  
  119  8:57  Zealot x8  
  133  9:04  Probe x3  
  133  9:05  Pylon  
  136  9:11  Protoss Ground Weapons Level 2  
  137  9:17  Zealot  
  137  9:20  Stalker x3  
  137  9:22  Zealot, Forge  
  147  9:25  Zealot  
  147  9:26  Colossus  
  147  9:27  Zealot  
  147  9:30  Zealot  
  155  9:47  Observer, Colossus  
  150  10:01  Stalker x5  
  150  10:02  Stalker  
  150  10:04  Probe  
  150  10:05  Probe x2  
  165  10:13  Stalker  
  167  10:15  Stalker  
  167  10:17  Protoss Ground Armor Level 2  
  165  10:27  Observer  
  165  10:28  Photon Cannon, Probe x2  
  166  10:29  Probe x2  
  166  10:31  Shield Battery  
  169  10:41  Extended Thermal Lance  
  161  10:43  Colossus  
  161  10:46  Stalker x4  
  161  10:49  Disruptor  
  167  10:56  Stalker x2  
  168  11:04  Zealot  
  168  11:05  Zealot  
  171  11:16  Stalker x4  
  177  11:19  Assimilator  
  177  11:21  Assimilator  
  177  11:25  Disruptor  
  175  11:26  Stalker x4  
  175  11:30  Pylon  
  174  11:40  Zealot  
  174  11:45  Nexus  
  166  11:51  Observer  
  166  11:53  Stalker x4  
  168  12:06  Pylon  
  168  12:08  Pylon  
  164  12:16  Observer  
  164  12:18  Zealot x2  
  165  12:23  Pylon  
  165  12:25  Pylon  
  165  12:28  Zealot x6  
  162  12:45  Observer  
  145  12:53  Stalker x6  
  145  12:55  Disruptor  
  154  13:21  Stalker x4  
  154  13:22  Stalker x4  
  154  13:25  Probe x3  
  170  13:30  Probe  
  170  13:32  Colossus  
  170  13:33  Colossus  
  158  13:37  Probe  
  142  13:49  Probe x3  
  142  13:50  Probe  
  146  14:00  Nexus  
  146  14:06  Pylon  
  146  14:09  High Templar  
  148  14:10  High Templar x4  
  148  14:11  High Templar  
  148  14:14  Archon x2  
  148  14:15  Archon  
  152  14:27  Probe  
  152  14:28  Stalker x2, Probe  
  152  14:30  Shield Battery  
  152  14:31  Probe x2  
  155  14:36  Probe x2  
  147  14:43  Probe x2  
  147  14:45  Probe x2  
  151  14:48  Warp Prism  
  151  14:50  Stalker  
  155  14:55  Probe x2  
  155  14:57  Probe x2  
  159  15:06  Stalker x2  
  162  15:07  Probe x2  
  163  15:16  Probe x3  
  163  15:19  Probe  
  164  15:23  Stalker x3  
  164  15:27  Stargate  
  168  15:35  Probe x4  
  172  15:38  Stalker  
  174  15:52  Zealot x6  
  174  15:53  Zealot  
  188  15:59  Assimilator  
  188  16:03  Phoenix  
  185  16:07  Pylon  
  184  16:15  Stalker x5  
  189  16:33  Zealot x3  
  180  16:50  Stalker x4  
  180  16:51  Stalker  
  176  16:55  Stalker x3  
  167  17:08  Probe x3  
  167  17:09  Probe  
  167  17:14  Zealot x5  
  172  17:20  Probe  
  163  17:24  Disruptor  
  155  17:35  Disruptor  
  148  17:41  Stalker x3  
  146  17:48  High Templar x3  
  146  17:49  High Templar  
  143  17:54  Archon x2  
  143  17:57  High Templar  
  144  18:02  High Templar  
  145  18:10  Archon  
  145  18:16  Stalker x2  
  70  18:49  Nexus  
  70  18:52  Pylon  
  70  18:55  Zealot x2  
Tags
 
Add a new tag
Caveats
  • Supply blocks, unpowered buildings, or Contaminate may cause inaccurate times.
  • Supply counts are checked every 10 seconds.